 Dungeon Crawl Stone Soup version 0.25-a0-503-ge281fa673e (webtiles) character file.

Game seed: 2048114175199185592, levelgen mode: deterministic

9724 Kohma the Carver (level 11, -5/89 HPs)
             Began as a Grey Draconian Ice Elementalist on Feb 13, 2020.
             Was a Priest of Dithmenos.
             Slain by a two-headed ogre
             ... wielding a +0 giant club
              (11 damage)
             ... on level 11 of the Dungeon.
             The game lasted 00:38:50 (13340 turns).

Kohma the Carver (Grey Draconian Ice Elementalist) Turns: 13340, Time: 00:38:51

Health: -5/89      AC: 15    Str: 10    XL:     11   Next: 26%
Magic:  18/26      EV: 12    Int: 18    God:    Dithmenos [***...]
Gold:   351        SH:  5    Dex: 13    Spells: 6/18 levels left

rFire    . . .     SeeInvis .   d - +1 falchion (freeze)
rCold    . . .     Gourm    .   y - +0 buckler
rNeg     + + .     Faith    .   (armour unavailable)
rPois    .         Spirit   .   (helmet restricted)
rElec    .         Reflect  .   (no cloak)
rCorr    .         Harm     .   z - +2 pair of gloves {archery}
MR       +++..     Clarity  +   (no boots)
Stlth    ++........             o - amulet of the Four Winds {rN+ MR+++ Clar}
HPRegen  0.24/turn              w - ring of positive energy
MPRegen  0.20/turn              e - ring of magical power

@: frozen ramparts, wreathed by umbra
A: walk through water, unfitting armour, unbreathing, cold-blooded, AC +12
a: Shadow Step, Renounce Religion


You were on level 11 of the Dungeon.
You worshipped Dithmenos.
Dithmenos was most pleased with you.
You were hungry.

You visited 2 branches of the dungeon, and saw 12 of its levels.

You collected 439 gold pieces.
You spent 88 gold pieces at shops.

Inventory:

Hand Weapons
 d - a +1 falchion of freezing (weapon)
 B - a +2 whip of electrocution
Missiles
 i - 42 poisoned darts (quivered)
Armour
 y - a +0 buckler (worn)
 z - a +2 pair of gloves of archery (worn)
Magical Staves
 u - an uncursed staff of earth
Jewellery
 e - a ring of magical power (right hand)
 o - the amulet of the Four Winds (around neck) {rN+ MR+++ Clar}
   (You found it on level 9 of the Dungeon)

   [amulet of nothing]

   It protects you from negative energy.
   It affects your resistance to hostile enchantments.
   It protects you against confusion.
 p - a +5 ring of strength
 w - a ring of positive energy (left hand)
Wands
 t - a wand of scattershot (1)
 x - a wand of random effects (16)
 A - a wand of digging (5)
Scrolls
 f - 4 scrolls of fear
 h - a scroll of enchant weapon
 j - 4 scrolls of remove curse
 k - 2 scrolls of magic mapping
 n - 4 scrolls of teleportation
 v - a scroll of amnesia
Potions
 a - 4 potions of might
 c - 5 potions of curing
 g - 2 potions of agility
 l - a potion of berserk rage
 m - a potion of ambrosia
 q - 3 potions of heal wounds
 r - a potion of cancellation
 s - 4 potions of lignification
 D - a potion of invisibility
Comestibles
 b - 15 rations


   Skills:
 - Level 6.0 Fighting
 * Level 13.0 Long Blades
 - Level 1.7 Dodging
 - Level 1.7 Stealth
 - Level 4.0 Shields
 - Level 4.0 Spellcasting
 - Level 3.0 Conjurations
 - Level 3.0 Summonings
 + Level 8.0 Ice Magic
 + Level 0.2 Invocations


You had 6 spell levels left.
You knew the following spells:

 Your Spells              Type           Power        Failure   Level  Hunger
a - Freeze                Ice            ####         1%          1    None
b - Frozen Ramparts       Ice            ####..       1%          3    ###....
c - Hailstorm             Conj/Ice       ###.....     16%         4    ####...
d - Summon Ice Beast      Ice/Summ       ###.....     16%         4    ####...

Your spell library contained the following spells:

 Spells                   Type           Power        Failure   Level  Hunger
 Magic Dart               Conj           ##..         4%          1    None
 Summon Small Mammal      Summ           ##..         4%          1    None
 Call Imp                 Summ           ##......     6%          2    ##.....
 Searing Ray              Conj           ##....       6%          2    ##.....
 Shock                    Conj/Air       #...         8%          1    None
 Ozocubu's Armour         Chrm/Ice       ###.....     9%          3    ###....
 Call Canine Familiar     Summ           ##......     13%         3    ###....
 Corona                   Hex            #......      14%         1    None
 Slow                     Hex            #.......     22%         2    ##.....
 Swiftness                Chrm/Air       #.......     22%         2    ##.....
 Dazzling Flash           Conj/Hex       #.....       24%         3    ###....
 Static Discharge         Conj/Air       #.......     24%         3    ###....
 Summon Guardian Golem    Hex/Summ       #.......     24%         3    ###....
 Ice Form                 Ice/Tmut       ###.....     28%         4    ####...
 Inner Flame              Hex/Fire       #.......     41%         3    ###....
 Portal Projectile        Hex/Tloc       #.....       41%         3    ###....
 Fulminant Prism          Conj/Hex       #.........   61%         4    ####...
 Iskenderun's Mystic Bla  Conj/Tloc      #.......     61%         4    ####...
 Summon Lightning Spire   Summ/Air       #.......     61%         4    ####...
 Ozocubu's Refrigeration  Ice            ####......   63%         6    #######
 Airstrike                Air            #.........   82%         4    ####...
 Cause Fear               Hex            #.........   82%         4    ####...
 Leda's Liquefaction      Hex/Erth       #.........   82%         4    ####...
 Lightning Bolt           Conj/Air       #.........   91%         5    ######.


Dungeon Overview and Level Annotations

Branches:
Dungeon (11/15)            Temple (1/1) D:6            Lair (0/6) D:10
    Orc (0/2) D:9

Altars:
Ashenzari
Cheibriados
Dithmenos
Elyvilon
Fedhas
Gozag
Hepliaklqana
Kikubaaqudgha
Makhleb
Nemelex Xobeh
Okawaru
Qazlal
Ru
Sif Muna
Trog
Uskayaw
Vehumet
Wu Jian
Xom
Yredelemnul
Zin
The Shining One
Beogh

Shops:
D:9 ?


Innate Abilities, Weirdness & Mutations

You can walk through water.
Your dull iron-grey scales are very hard. (AC +12)
You cannot fit into any form of body armour.
You can survive without breathing.
You are cold-blooded and may be slowed by cold attacks.


Message History

Press: ? - help, Shift-Dir - straight line, f/p - two-headed ogre
Aim: a two-headed ogre, wielding two +0 giant clubs (severely wounded, encased in ice, umbra)
You freeze the two-headed ogre!
The two-headed ogre is severely wounded.
The walls release a blast of icicles at the two-headed ogre!
The two-headed ogre hits you with a +0 giant club!
* * * LOW HITPOINT WARNING * * *
The two-headed ogre hits you with a +0 giant club!
* * * LOW HITPOINT WARNING * * *
Casting: Freeze (safe; 1% risk of failure)
Confirm with . or Enter, or press ? or * to list all spells.
Aiming: Freeze (safe; 1% risk of failure)
Press: ? - help, Shift-Dir - straight line, f/p - two-headed ogre
Aim: a two-headed ogre, wielding two +0 giant clubs (severely wounded, encased in ice, umbra)
You freeze the two-headed ogre.
The two-headed ogre is severely wounded.
The walls release a blast of icicles at the two-headed ogre!
You block the two-headed ogre's attack.
The two-headed ogre hits you with a +0 giant club!
You die...

#...... #. .#
#...... #.# #.#
#...... ######.# #.#
#...... .......# #.#
#.##### ######.# #.#
#. #.# #.#
#.#############.#
#........)O@....#
#.######.######.#
#.# #.# #.# # #.#
#.# #.######.## #.#
#.# #..........
######.# #.#
#............
.......# #O#
#....>.....(.
######.# #c#
#............ #.#
#.######............


You could see a two-headed ogre.

Vanquished Creatures
  Pikel (D:9)
  A cyclops (D:11)
  The ghost of TimeIsEndless the Shield-Bearer, a novice GnFi of Ru (D:7)
  2 centaur skeletons
  A komodo dragon (D:10)
  2 hippogriffs
  13 yaks (D:11)
  3 wyverns
  A basilisk (D:10)
  2 hungry ghosts
  Edmund (D:6)
  A water moccasin (D:7)
  Duvessa (D:4)
  A swamp drake (D:10)
  An orc warrior (D:9)
  2 ice beasts
  2 slaves (D:9)
  A black bear (D:6)
  A sky beast (D:8)
  2 ogres
  6 centaurs
  2 crocodiles (D:10)
  3 big kobolds
  4 bullfrogs
  Dowan (D:4)
  A scorpion (D:11)
  10 killer bees (D:9)
  4 wights (D:10)
  5 howler monkeys
  2 crimson imps
  A centaur zombie (D:7)
  3 quasits
  9 hounds
  8 orc priests
  4 jellies
  7 orc wizards
  3 bullfrog skeletons
  An iguana (D:7)
  7 worker ants
  A killer bee zombie (D:9)
  2 hound zombies
  4 gnolls (D:6)
  15 adders
  A howler monkey skeleton (D:4)
  2 shadow imps
  3 oozes
  2 adder skeletons
  3 worms
  A dart slug (D:1)
  8 leopard geckos
  48 orcs
  4 ball pythons
  5 giant cockroaches
  7 goblins
  7 hobgoblins
  12 jackals
  5 quokkas
  6 bats
  9 frilled lizards
  17 kobolds
  11 rats
294 creatures vanquished.

Vanquished Creatures (others)
  A slave (D:9)
  An orc (D:9)
2 creatures vanquished.

Grand Total: 296 creatures vanquished

Notes
Turn   | Place    | Note
-------+----------+-------------------------------------------
     0 | D:1      | Kohma the Draconian Ice Elementalist began the quest for
                  | the Orb.
     0 | D:1      | Reached XP level 1. HP: 14/14 MP: 3/3
   110 | D:1      | Reached XP level 2. HP: 19/20 MP: 3/5
   536 | D:1      | Reached XP level 3. HP: 25/26 MP: 1/6
   541 | D:1      | Learned a level 3 spell: Frozen Ramparts
   800 | D:2      | Reached skill level 5 in Ice Magic
  1034 | D:2      | Found an iron altar of Okawaru.
  1148 | D:2      | Reached XP level 4. HP: 33/33 MP: 6/8
  1922 | D:3      | Reached XP level 5. HP: 34/38 MP: 5/9
  2162 | D:3      | Found a sacrificial altar of Ru.
  2773 | D:4      | Reached XP level 6. HP: 33/45 MP: 7/11
  2835 | D:4      | Found a shattered altar of Ashenzari.
  2839 | D:4      | Noticed Duvessa
  2839 | D:4      | Noticed Dowan
  2854 | D:4      | Killed Duvessa
  2862 | D:4      | Killed Dowan
  3114 | D:4      | Learned a level 4 spell: Hailstorm
  3267 | D:4      | Your scales start taking on a dull iron-grey colour.
  3267 | D:4      | Reached XP level 7. HP: 15/50 MP: 10/13
  3267 | D:4      | Gained mutation: You can survive without breathing. [Grey
                  | Draconian growth]
  3271 | D:4      | HP: 2/51 [orc priest/divine providence (14)]
  3272 | D:4      | Reached skill level 1 in Long Blades
  3692 | D:4      | Reached skill level 1 in Fighting
  3857 | D:4      | Reached skill level 1 in Conjurations
  4365 | D:4      | Reached skill level 2 in Long Blades
  4462 | D:5      | Entered Level 5 of the Dungeon
  5046 | D:5      | Reached skill level 3 in Long Blades
  5046 | D:5      | Reached XP level 8. HP: 46/61 MP: 9/14
  5105 | D:5      | Learned a level 4 spell: Summon Ice Beast
  5283 | D:6      | Reached skill level 1 in Summonings
  5368 | D:6      | Found a staircase to the Ecumenical Temple.
  5380 | D:6      | Reached skill level 4 in Long Blades
  5392 | D:6      | Noticed Edmund
  5411 | D:6      | Killed Edmund
  5456 | Temple   | Entered the Ecumenical Temple
  5851 | D:6      | Reached skill level 5 in Long Blades
  5901 | D:6      | Found a shadowy altar of Dithmenos.
  5909 | D:6      | Became a worshipper of Dithmenos the Shadowed
  6152 | D:6      | Found a bloodstained altar of Trog.
  6152 | D:6      | Found a radiant altar of Vehumet.
  6563 | D:7      | Reached skill level 6 in Long Blades
  6631 | D:7      | Noticed a hippogriff
  6645 | D:7      | Killed a hippogriff
  6645 | D:7      | Reached XP level 9. HP: 39/73 MP: 8/15
  6778 | D:7      | Reached skill level 5 in Fighting
  6866 | D:7      | Reached skill level 7 in Long Blades
  6919 | D:7      | Reached * piety under Dithmenos
  7005 | D:7      | Found a runed translucent gate.
  7005 | D:7      | Identified the +1 plate armour of Defiance {rC++ MR- Str+4}
  7006 | D:7      | Found a runed translucent gate.
  7007 | D:7      | Found a runed translucent gate.
  7009 | D:7      | Noticed TimeIsEndless's ghost (novice GnFi)
  7013 | D:7      | Found a roughly hewn altar of Beogh.
  7745 | D:7      | Identified Kaobeuma's Papyrus of Ice
  7936 | D:7      | Killed TimeIsEndless's ghost
  8287 | D:8      | Reached skill level 1 in Shields
  8448 | D:8      | Reached skill level 8 in Long Blades
  9940 | D:9      | Noticed Pikel
  9950 | D:9      | Killed Pikel
  9950 | D:9      | Reached skill level 9 in Long Blades
  9950 | D:9      | Reached XP level 10. HP: 61/83 MP: 8/16
 10126 | D:9      | Found Qileull's Magic Scroll Boutique.
 10134 | D:9      | Bought a scroll of identify for 22 gold pieces
 10134 | D:9      | Bought a scroll of identify for 22 gold pieces
 10134 | D:9      | Bought a scroll of identify for 22 gold pieces
 10134 | D:9      | Bought a scroll of identify for 22 gold pieces
 10197 | D:9      | Found the amulet of the Four Winds {rN+ MR+++ Clar}
 10368 | D:9      | Reached ** piety under Dithmenos
 10424 | D:9      | Found a glowing golden altar of the Shining One.
 10424 | D:9      | Found a white marble altar of Elyvilon.
 10424 | D:9      | Found a glowing silver altar of Zin.
 10470 | D:9      | Found a staircase to the Orcish Mines.
 10618 | D:9      | Found an ornate altar of the Wu Jian Council.
 10639 | D:9      | Reached skill level 10 in Long Blades
 10785 | D:10     | Entered Level 10 of the Dungeon
 11442 | D:10     | Reached skill level 11 in Long Blades
 11748 | D:10     | Found a staircase to the Lair.
 12167 | D:11     | Reached *** piety under Dithmenos
 12704 | D:11     | Reached skill level 12 in Long Blades
 12724 | D:11     | Reached XP level 11. HP: 61/89 MP: 17/17
 13075 | D:11     | Reached skill level 13 in Long Blades
 13306 | D:11     | Noticed a two-headed ogre
 13340 | D:11     | Slain by a two-headed ogre

Levels and vault maps discovered:
D:1:      dpeg_arrival_round_c, layout_rooms
D:2:      layout_loops_corners, okawaru_trees_1
D:3:      layout_loops_ring, nicolae_ru_awakened_eye
D:4:      layout_gridville, first_ration, grunt_decor_fettered,
          evilmike_ruin_ashenzari, uniq_duvessa
D:5:      layout_loops_cross, uniq_eustachio
D:6:      layout_basic, nicolae_dithmenos_shadow_blocks,
          chequers_temple_overflow_statue_of_worship,
          minmay_temple_entry_sparse_star, uniq_edmund
D:7:      layout_basic, serial_corexii_hall, chequers_hall_statues_corner_a,
          chequers_hall_statues_corner_a, biasface_ghost_orc_armoury
D:8:      minmay_curly_fans, layout_basic, serial_shops,
          nicolae_shop_statue_plus, st_stairs_6
D:9:      layout_roguey, good_gods_mini_temple, overflow_temple_1_default,
          orc_0_dummy, serial_shops, shop, uniq_pikel
D:10:     layout_small_grid, erik_lair_dragon, hive_lemuel
D:11:     layout_small_grid, uniq_nergalle
Temple:   jpeg_temple_clearing

Skill      XL: |  1  2  3  4  5  6  7  8  9 10 11 |
---------------+----------------------------------+-----
Ice Magic      | 5 6 7 8 |  8.0
Spellcasting   | 3 4 |  4.0
Long Blades    | 3 6 9 12 13 | 13.0
Fighting       | 2 4 6 |  6.0
Conjurations   | 2 3 |  3.0
Summonings     | 2 3 |  3.0
Shields        | 3 4 |  4.0
Dodging        | |  1.7
Stealth        | |  1.7
Invocations    | |  0.2

Action                   |  1- 3 |  4- 6 |  7- 9 | 10-12 || total
-------------------------+-------+-------+-------+-------++-------
Melee: Unarmed           |    10 |       |       |       ||    10
       Tailslap          |     8 |     6 |    27 |    28 ||    69
       Short sword       |    17 |     2 |       |       ||    19
       Whip              |       |     8 |       |       ||     8
       Falchion          |       |    53 |   169 |   194 ||   416
 Cast: Freeze            |    38 |    48 |   108 |    45 ||   239
       Frozen Ramparts   |     3 |    14 |    48 |    40 ||   105
Evoke: Wand              |       |       |     1 |       ||     1
  Use: Scroll            |       |       |    17 |     8 ||    25
       Potion            |       |       |     2 |       ||     2
 Stab: Sleeping          |     1 |     1 |     4 |       ||     6
  Eat: Chunk             |     1 |     8 |    20 |    14 ||    43
       Ration            |       |       |     2 |       ||     2
Armor: Skin              |    15 |    33 |   167 |   116 ||   331
Dodge: Dodged            |    42 |    71 |   185 |   125 ||   423
Block: Buckler           |       |       |       |    44 ||    44
       Rpst.: Falchion   |       |    20 |    42 |    37 ||    99

Table legend:
 A = Non-vault XP
 B = Vault XP
 C = Vault XP percentage of total XP
 D = Non-vault monster count
 E = Vault monster count
 F = Vault count percentage of total count
                 A         B        C        D         E       F
            +---------+---------+-------+---------+---------+-------
      Total |   10816 |    3076 |  22.1 |     268 |      24 |   8.2
            +---------+---------+-------+---------+---------+-------
        D:1 |      46 |       0 |   0.0 |      23 |       0 |   0.0
        D:2 |     135 |       0 |   0.0 |      36 |       0 |   0.0
        D:3 |     103 |       0 |   0.0 |      24 |       0 |   0.0
        D:4 |     599 |     230 |  27.7 |      24 |       2 |   7.7
        D:5 |     387 |       0 |   0.0 |      13 |       0 |   0.0
        D:6 |     522 |     164 |  23.9 |      18 |       1 |   5.3
        D:7 |    1204 |     501 |  29.4 |      24 |       9 |  27.3
        D:8 |     574 |     475 |  45.3 |      18 |       5 |  21.7
        D:9 |    1789 |     673 |  27.3 |      36 |       1 |   2.7
       D:10 |    1041 |    1033 |  49.8 |      24 |       6 |  20.0
       D:11 |    4416 |       0 |   0.0 |      28 |       0 |   0.0
            +---------+---------+-------+---------+---------+-------
